[Event "Titled Tuesday Blitz March 28 Early 2023"]
[White "Poormosavi, Seyed Kian"]
[Black "Kashtanov, Ruslan"]
[WhiteFideId "12585807"]
[BlackFideId "4124871"]
[WhiteElo "2334"]
[BlackElo "2276"]
[Result "1/2-1/2"]
[Round "03"]
[TimeControl "180+2"]
[Date "2023.03.28"]
[WhiteClock "0:01:28"]
[BlackClock "0:00:13"]

1. Nf3 Nf6 2. g3 d5 3. Bg2 c5 4. O-O e6 5. d4 cxd4 6. Nxd4 e5 7. Nb3 Be6 8. Bg5 Nbd7 9. Nc3 h6 10. Bxf6 Nxf6 11. e4 d4 12. Nd5 Be7 13. c3 Nxd5 14. exd5 Bxd5 15. Bxd5 Qxd5 16. cxd4 O-O 17. dxe5 Qxe5 18. Re1 Qf6 19. Qe2 Bb4 20. Red1 Rfe8 21. Qb5 a5 22. Rd7 Re1+ 23. Rxe1 Bxe1 24. Qe2 a4 25. Nc5 Bb4 26. Nxb7 Rc8 27. Rd1 Qb6 28. Qe4 Bf8 29. Kg2 Qxb2 30. Rd7 Qxa2 31. Nd8 Qc4 32. Qe8 Qc6+ 33. Kh3 Qe6+ 34. Qxe6 fxe6 35. Nxe6 Ra8 36. Rd2 a3 37. Ra2 Rb8 38. Nxf8 Kxf8 39. Rxa3 Kf7 40. Kg4 Kg6 41. Ra6+ Kf7 42. h4 Rb5 43. Ra4 h5+ 44. Kf4 Kg6 45. f3 Kf6 46. Ra6+ Kf7 47. g4 hxg4 48. fxg4 Rb4+ 49. Kf5 Rb5+ 50. Kf4 Rb4+ 51. Kf3 Rb3+ 52. Ke4 Rb4+ 53. Kf5 Rb5+ 54. Kf4 1/2-1/2


[Site "https://www.chess.com"]

[Event "Titled Tuesday Blitz March 28 Early 2023"]
[White "Nunez V, Gustavo Eduardo"]
[Black "Ismagilov, Damir"]
[WhiteFideId "4403690"]
[BlackFideId "34199982"]
[WhiteElo "2228"]
[BlackElo "2078"]
[Result "0-1"]
[Round "03"]
[TimeControl "180+2"]
[Date "2023.03.28"]
[WhiteClock "0:00:09"]
[BlackClock "0:00:15"]

1. e4 Nc6 2. Nc3 e5 3. g3 d6 4. Bg2 g6 5. Nge2 Bg7 6. O-O Nge7 7. d3 O-O 8. Be3 f5 9. Qd2 fxe4 10. dxe4 Be6 11. f4 Qd7 12. Rf2 Bh3 13. Raf1 Bxg2 14. Kxg2 Qe6 15. Nd5 Qd7 16. h3 Nxd5 17. Qxd5+ Qf7 18. Qxf7+ Rxf7 19. f5 gxf5 20. Rxf5 Raf8 21. g4 a6 22. c3 Ne7 23. Rxf7 Rxf7 24. Ng3 Rxf1 25. Kxf1 Kf7 26. Ke2 d5 27. Kd3 Ke6 28. Bc5 Ng6 29. Be3 Nf4+ 30. Bxf4 exf4 31. Nf5 Be5 32. exd5+ Kxd5 33. c4+ Kc5 34. b3 Kb4 35. Ke4 Bc3 36. Kxf4 Ka3 37. Ng3 Kxa2 38. Ne4 Bd4 39. b4 Kb3 40. b5 a5 41. c5 a4 42. Nd2+ Kc2 43. c6 bxc6 44. Nc4 cxb5 45. Na3+ Kb3 46. Nxb5 Bb2 47. Ke4 c6 48. Na7 a3 49. Nxc6 a2 50. Na5+ Ka4 51. Nb7 a1=Q 52. Nc5+ Kb5 53. Ne6 Qh1+ 54. Kf5 Qxh3 55. Nf4 Qf3 56. Kg5 Bc1 57. Kh5 Qxf4 58. Kh4 Qg5+ 59. Kh3 Bf4 60. Kg2 Qxg4+ 61. Kf2 Qg3+ 62. Ke2 h5 63. Kd1 h4 64. Kc2 h3 65. Kb2 h2 66. Kb1 Qg2 67. Ka1 h1=Q# 0-1


[Site "https://www.chess.com"]

[Event "Titled Tuesday Blitz March 28 Early 2023"]
[White "Aaditya Dhingra"]
[Black "Toktomushev, Teimur"]
[WhiteFideId "25678191"]
[BlackFideId "14176726"]
[WhiteElo "2083"]
[BlackElo "2116"]
[Result "1-0"]
[Round "03"]
[TimeControl "180+2"]
[Date "2023.03.28"]
[WhiteClock "0:01:14"]
[BlackClock "0:00:01"]

1. c4 e6 2. Nc3 d5 3. Nf3 Nf6 4. e3 Be7 5. b3 O-O 6. Bb2 b6 7. Be2 Bb7 8. O-O c5 9. cxd5 exd5 10. d4 Nc6 11. dxc5 bxc5 12. Rc1 Rc8 13. Na4 Nb4 14. Bxf6 Bxf6 15. Rxc5 Nxa2 16. Qd2 Nc3 17. Rxc3 Bxc3 18. Nxc3 Qb6 19. Nxd5 Bxd5 20. Qxd5 Rfd8 21. Qh5 g6 22. Qh6 Qf6 23. Bc4 Qg7 24. Qf4 Kh8 25. g3 f6 26. Kg2 h5 27. Ra1 1-0


[Site "https://www.chess.com"]

[Event "Titled Tuesday Blitz March 28 Early 2023"]
[White "The_Sherman_Variation"]
[Black "Shvedova, Alexandra"]
[BlackFideId "54154782"]
[WhiteElo "2628"]
[BlackElo "2057"]
[Result "1-0"]
[Round "03"]
[TimeControl "180+2"]
[Date "2023.03.28"]
[WhiteClock "0:00:41"]
[BlackClock "0:00:19"]

1. b3 d5 2. g3 Nf6 3. Bg2 e5 4. Bb2 Bd6 5. d3 O-O 6. Nd2 Re8 7. Ngf3 e4 8. dxe4 dxe4 9. Ng5 e3 10. fxe3 Ng4 11. Nxf7 Kxf7 12. Bd5+ Be6 13. O-O+ Kg8 14. Ne4 Nc6 15. Bxe6+ Rxe6 16. Qd5 Qd7 17. Nc5 Nxe3 18. Qxe6+ Qxe6 19. Nxe6 Nxf1 20. Rxf1 Ne5 21. Rf5 Re8 22. Bxe5 Rxe6 23. Bxd6 Rxd6 24. Kf2 b6 25. Rf4 Rd2 26. Rc4 c5 27. Ke3 Rd7 28. a3 Kf7 29. c3 Re7+ 30. Kf3 Rd7 31. b4 cxb4 32. cxb4 Kf6 33. Kf4 h6 34. Rc6+ Kf7 35. h4 Rd4+ 36. e4 Rd7 37. h5 Re7 38. Kf5 Rd7 39. e5 Ke7 40. g4 Kd8 41. Rd6 Rxd6 42. exd6 Kd7 43. Kg6 Kxd6 44. Kxg7 Kd5 45. Kxh6 Kc4 46. g5 Kb3 47. g6 Kxa3 48. g7 1-0


[Site "https://www.chess.com"]

[Event "Titled Tuesday Blitz March 28 Early 2023"]
[White "Castellanos Gomez, Alejandro"]
[Black "Ingebretsen, Jens E"]
[WhiteFideId "22284141"]
[BlackFideId "1522965"]
[WhiteElo "2158"]
[BlackElo "2213"]
[Result "1-0"]
[Round "03"]
[TimeControl "180+2"]
[Date "2023.03.28"]
[WhiteClock "0:00:03"]
[BlackClock "0:00:04"]

1. d4 Nf6 2. Bf4 d6 3. Nc3 b6 4. e4 Bb7 5. f3 g6 6. Qd2 Bg7 7. O-O-O Nbd7 8. h4 e6 9. g4 h5 10. g5 Nh7 11. Nh3 Qe7 12. Be3 O-O-O 13. a4 Kb8 14. a5 Rc8 15. Nf4 Rhd8 16. Nd3 c5 17. axb6 axb6 18. dxc5 dxc5 19. Bf4+ e5 20. Bg3 Bc6 21. Qh2 Kb7 22. Bh3 Nhf8 23. Nd5 Bxd5 24. exd5 f5 25. gxf6 Qxf6 26. Rhe1 Re8 27. c3 Ra8 28. Qg2 c4 29. Nb4 Nc5 30. d6 g5 31. hxg5 Ra1+ 32. Kd2 Qxd6+ 33. Kc2 Qg6+ 34. Re4 Rxd1 35. Kxd1 Nxe4 36. fxe4 Qxg5 37. Nd5 Ne6 38. Qf2 Qd8 39. Qf7+ Ka6 40. Bxe6 Rf8 41. Qxg7 Rf1+ 42. Ke2 Rg1 43. Nb4+ Kb5 44. Bd7+ Ka5 45. Qxe5+ b5 46. Qxb5# 1-0


[Site "https://www.chess.com"]

[Event "Titled Tuesday Blitz March 28 Early 2023"]
[White "Vaibhav Jayant Raut"]
[Black "Melikhov, Evgeny V."]
[WhiteFideId "5089034"]
[BlackFideId "4122046"]
[WhiteElo "2156"]
[BlackElo "2158"]
[Result "1-0"]
[Round "03"]
[TimeControl "180+2"]
[Date "2023.03.28"]
[WhiteClock "0:00:07"]
[BlackClock "0:00:02"]

1. e4 e5 2. Nf3 Nc6 3. Bc4 Nf6 4. d3 Be7 5. O-O O-O 6. c3 d6 7. h3 Na5 8. Bb5 a6 9. Ba4 b5 10. Bc2 c5 11. Nbd2 Bb7 12. d4 Qc7 13. dxe5 dxe5 14. Qe2 Rfe8 15. Re1 Bf8 16. Nf1 Nc4 17. b3 Nb6 18. Bg5 Re6 19. Ng3 h6 20. Be3 Rd8 21. Red1 Red6 22. Rxd6 Qxd6 23. Rd1 Qc7 24. Rxd8 Qxd8 25. Nxe5 Qe7 26. Ng4 Nxe4 27. Nxe4 Bxe4 28. Bxc5 Qxc5 29. Qxe4 g6 30. Qf3 Bg7 31. Nf6+ Kh8 32. Ne8 Qd5 33. Be4 Qe6 34. Nc7 Qe7 35. Nxa6 Kh7 36. g3 f6 37. h4 f5 38. Bc6 Qe5 39. h5 g5 40. Qd3 Qxc3 41. Qxf5+ Kg8 42. Qxb5 Bd4 43. Kg2 Qd2 44. Qf5 Nc8 45. Qxc8+ Kf7 46. Qf5+ Ke7 47. Bd5 Kd6 48. Qe6# 1-0


[Site "https://www.chess.com"]

[Event "Titled Tuesday Blitz March 28 Early 2023"]
[White "Bernat, David"]
[Black "Godzwon, Iwo"]
[WhiteFideId "2099225"]
[BlackFideId "21802483"]
[WhiteElo "2423"]
[BlackElo "2284"]
[Result "0-1"]
[Round "03"]
[TimeControl "180+2"]
[Date "2023.03.28"]
[WhiteClock "0:00:04"]
[BlackClock "0:01:23"]

1. c4 Nf6 2. Nc3 e5 3. g3 Nc6 4. Bg2 Bc5 5. e3 O-O 6. Nge2 d6 7. O-O a6 8. d4 Ba7 9. h3 Re8 10. Kh2 Bf5 11. g4 Bg6 12. f4 exf4 13. exf4 Be4 14. Nxe4 Nxe4 15. d5 Nb8 16. Qd3 Nc5 17. Qc2 a5 18. a3 a4 19. Nc3 Nbd7 20. Bd2 Nb3 21. Rae1 Ndc5 22. Be3 Qd7 23. Ne4 Nxe4 24. Bxe4 Bxe3 25. Rxe3 g6 26. f5 Re5 27. fxg6 hxg6 28. Ref3 Nd4 29. Qd3 Nxf3+ 30. Bxf3 Rae8 31. Qc2 Re3 32. h4 Qe7 33. Rf2 Qxh4+ 34. Kg2 Qg5 35. Qxa4 b6 36. Qd7 R8e7 37. Qc8+ Kg7 38. b4 Qe5 39. c5 dxc5 40. bxc5 bxc5 41. a4 Ra3 42. Qa6 Qd4 43. d6 cxd6 44. Qb5 Ree3 45. a5 Rxf3 46. Rxf3 Qxg4+ 47. Kh2 0-1


[Site "https://www.chess.com"]

[Event "Titled Tuesday Blitz March 28 Early 2023"]
[White "Sochacki, Christophe"]
[Black "Devaev, Alexander"]
[WhiteFideId "662569"]
[BlackFideId "4169395"]
[WhiteElo "2474"]
[BlackElo "2225"]
[Result "1-0"]
[Round "03"]
[TimeControl "180+2"]
[Date "2023.03.28"]
[WhiteClock "0:00:53"]
[BlackClock "0:00:18"]

1. d4 Nf6 2. Bg5 Ne4 3. Bf4 c5 4. f3 Nf6 5. d5 d6 6. e4 a6 7. c4 e5 8. Be3 Be7 9. g4 Nfd7 10. Qd2 h6 11. Nc3 Bg5 12. h4 Bxh4+ 13. Kd1 Rg8 14. Nh3 Nf8 15. Bd3 Nh7 16. Kc2 Nd7 17. a3 Ndf8 18. b4 b6 19. f4 exf4 20. Nxf4 Bg5 21. Rae1 Bxf4 22. Bxf4 Ng6 23. e5 dxe5 24. Bxe5 Kf8 25. Bxg6 fxg6 26. Rhf1+ Nf6 27. Bxf6 gxf6 28. Qxh6+ Kf7 29. Ne4 Bxg4 30. Ng5# 1-0


[Site "https://www.chess.com"]

[Event "Titled Tuesday Blitz March 28 Early 2023"]
[White "Seemann, Jakub"]
[Black "Liu, Casper"]
[WhiteFideId "21874697"]
[BlackFideId "1454153"]
[WhiteElo "2364"]
[BlackElo "2221"]
[Result "0-1"]
[Round "03"]
[TimeControl "180+2"]
[Date "2023.03.28"]
[WhiteClock "0:00:07"]
[BlackClock "0:00:05"]

1. c4 Nc6 2. Nc3 e5 3. g3 d6 4. Bg2 Bd7 5. e3 Qc8 6. h3 h5 7. Nge2 h4 8. g4 f5 9. gxf5 Bxf5 10. b3 Nb4 11. e4 Nd3+ 12. Kf1 Be6 13. Qc2 Nb4 14. Qd1 Be7 15. d4 Nf6 16. a3 exd4 17. Nxd4 Nc6 18. Be3 O-O 19. Kg1 Ne5 20. f4 Nc6 21. Qd3 Nh5 22. Nxe6 Qxe6 23. Nd5 Bf6 24. e5 dxe5 25. Nxc7 Qe7 26. Nd5 Qd8 27. Rd1 exf4 28. Bc5 Re8 29. Qg6 Ng3 30. Rh2 Ne5 31. Nxf6+ Qxf6 32. Bd5+ Kh8 33. Qxf6 gxf6 34. Rf2 Rad8 35. Bd4 f3 36. Kh2 Rd7 37. Bxa7 f5 38. Bd4 Kh7 39. Bxe5 Rxe5 40. Bg8+ Kxg8 41. Rxd7 Re2 42. Kg1 Re1+ 43. Kh2 Rh1# 0-1


[Site "https://www.chess.com"]

[Event "Titled Tuesday Blitz March 28 Early 2023"]
[White "Senft, Sean"]
[Black "Kim, Sergey"]
[WhiteFideId "2044960"]
[BlackFideId "13700570"]
[WhiteElo "1989"]
[BlackElo "2617"]
[Result "0-1"]
[Round "03"]
[TimeControl "180+2"]
[Date "2023.03.28"]
[WhiteClock "0:00:07"]
[BlackClock "0:00:31"]

1. e4 e5 2. Nf3 Nc6 3. Nc3 Nf6 4. Bb5 Bb4 5. d3 d6 6. O-O O-O 7. Bg5 Bxc3 8. bxc3 Qe7 9. Qe2 Nd8 10. Rae1 Ne6 11. Be3 c6 12. Ba4 a5 13. c4 Ng4 14. c3 Qf6 15. h3 Nxe3 16. fxe3 Qh6 17. Qf2 Nc5 18. Bc2 f5 19. exf5 Bxf5 20. d4 Ne4 21. Bxe4 Bxe4 22. Qg3 Bd3 23. Rf2 e4 24. Nd2 Rxf2 25. Qxf2 Rf8 26. Qg3 a4 27. Qg4 Qf6 28. Qg3 Qe6 29. Qg4 Qf7 30. Qg3 h6 31. a3 Kh7 32. Ra1 Qe6 33. Ra2 Rf5 34. Rb2 Rg5 35. Qh4 Qf6 36. Qf2 Rf5 37. Qg3 b5 38. cxb5 cxb5 39. Ra2 Rg5 40. Qf2 Qe6 41. Ra1 Qxh3 42. Re1 Qe6 43. Qf4 Rf5 44. Qh4 Qg6 45. Nxe4 Bxe4 46. Qxe4 Rf1+ 47. Kxf1 Qxe4 48. Kf2 Qc2+ 49. Re2 Qxc3 50. e4 Qxd4+ 0-1


[Site "https://www.chess.com"]

[Event "Titled Tuesday Blitz March 28 Early 2023"]
[White "Gontcharov, Vladislav"]
[Black "Rios Escobar, Adan"]
[WhiteFideId "4123492"]
[BlackFideId "3403645"]
[WhiteElo "2470"]
[BlackElo "2415"]
[Result "1-0"]
[Round "03"]
[TimeControl "180+2"]
[Date "2023.03.28"]
[WhiteClock "0:00:05"]
[BlackClock "0:00:02"]

1. d4 Nf6 2. c4 g6 3. Nc3 Bg7 4. e4 d6 5. Nf3 O-O 6. h3 Na6 7. Bg5 h6 8. Be3 e5 9. d5 Nh5 10. Nd2 Qe8 11. g4 Nf4 12. Qc2 Bd7 13. a3 Nc5 14. Bxc5 dxc5 15. O-O-O a6 16. Kb1 b5 17. cxb5 axb5 18. Ne2 Qe7 19. Rc1 c4 20. Ng3 Rfb8 21. Ka1 b4 22. Nxc4 bxa3 23. b3 Qb4 24. Ka2 Ra7 25. Bd3 Rab7 26. Rb1 Qc5 27. f3 Bb5 28. Rhd1 Nxh3 29. Bf1 Nf4 30. Rdc1 Bxc4 31. Bxc4 Qe3 32. Rf1 Qd4 33. Rfd1 Qb6 34. Nf1 Qg1 35. Qc3 Qf2+ 36. Rd2 Qc5 37. Ne3 Qb6 38. Rbd1 Qd6 39. Nc2 Bf8 40. b4 Rxb4 41. Nxb4 Rxb4 42. Bb3 Qe7 43. Rc2 Qd6 44. Qc6 Qe7 45. d6 Qe8 46. dxc7 Qc8 47. Qd7 Qb7 48. Qxf7+ Kh8 49. Qg8# 1-0


[Site "https://www.chess.com"]

[Event "Titled Tuesday Blitz March 28 Early 2023"]
[White "Khumalo, Keith"]
[Black "Iljin, Timofey"]
[WhiteFideId "14319470"]
[BlackFideId "14110180"]
[WhiteElo "2056"]
[BlackElo "2397"]
[Result "1-0"]
[Round "03"]
[TimeControl "180+2"]
[Date "2023.03.28"]
[WhiteClock "0:00:28"]
[BlackClock "0:00:01"]

1. d4 f5 2. c4 Nf6 3. g3 g6 4. Bg2 Bg7 5. Nh3 O-O 6. O-O d6 7. d5 a5 8. Nc3 Na6 9. a3 Nc5 10. Be3 Na6 11. Rb1 Bd7 12. b4 Ng4 13. Bd4 Bh6 14. c5 axb4 15. axb4 c6 16. dxc6 Bxc6 17. Nd5 e6 18. Nb6 Bxg2 19. Kxg2 Rb8 20. f3 dxc5 21. bxc5 e5 22. Bg1 Nf6 23. Qa4 Qd2 24. Rf2 Be3 25. Rd1 Qb2 26. Nc4 Nxc5 27. Nxb2 Nxa4 28. Nxa4 Bxf2 29. Bxf2 b5 30. Nc5 b4 31. Nb3 Rfd8 32. Rb1 h6 33. Be3 Kg7 34. Nf2 Nd5 35. Bd2 Nc3 36. Rb2 Rbc8 37. Nd3 e4 38. Nxb4 Nxe2 39. fxe4 fxe4 40. Na5 Kh7 41. Nac6 Rd6 42. Be3 Nc3 43. Rf2 Nd1 44. Rf7+ Kg8 45. Ne7+ Kxf7 46. Nxc8 Rd8 47. Bxh6 Rxc8 48. Nd5 Rd8 49. Nf4 e3 50. Kf3 Rh8 51. Bg5 Rxh2 52. Nd3 e2 53. Bd2 Nb2 54. Ne5+ Ke6 55. Ng4 Rh1 56. Kxe2 Nc4 57. Bf4 Ra1 58. Kd3 Nd6 59. Ne5 Ra3+ 60. Kd4 Nf5+ 61. Ke4 Ra4+ 62. Kf3 Ra3+ 63. Kf2 Nd4 64. Nxg6 Nf5 65. Nf8+ Kf7 66. Nd7 Ke6 67. Nc5+ Kd5 68. Nd7 Nd4 69. Nb6+ Ke4 70. Kg2 Ra2+ 71. Kh3 Kf3 72. Nc4 1-0


[Site "https://www.chess.com"]

[Event "Titled Tuesday Blitz March 28 Early 2023"]
[White "Maxfan2008"]
[Black "Demin, Vladimir"]
[BlackFideId "4167457"]
[WhiteElo "2410"]
[BlackElo "2604"]
[Result "1/2-1/2"]
[Round "03"]
[TimeControl "180+2"]
[Date "2023.03.28"]
[WhiteClock "0:00:06"]
[BlackClock "0:00:07"]

1. d4 d5 2. c4 e6 3. Nc3 Nf6 4. cxd5 exd5 5. Bg5 Be7 6. e3 h6 7. Bh4 Bg4 8. Qb3 Nbd7 9. Bd3 O-O 10. h3 Be6 11. Nge2 c5 12. Qc2 c4 13. Bf5 a6 14. Bxe6 fxe6 15. Nf4 Qb6 16. O-O Rf7 17. Ng6 Bb4 18. Ne2 Ne4 19. Nef4 Re8 20. f3 Ng5 21. Bf2 Bd6 22. h4 Bxf4 23. Nxf4 Nh7 24. Ng6 Nhf6 25. Rae1 Nf8 26. Ne5 Rc7 27. Bg3 Rcc8 28. Qf2 N6d7 29. e4 Nxe5 30. Bxe5 Nd7 31. f4 Nxe5 32. fxe5 Rf8 33. Qe3 Qc6 34. Rxf8+ Rxf8 35. exd5 Qxd5 36. Qe4 Qxe4 37. Rxe4 Rd8 38. Kf2 Kf7 39. Ke3 Ke7 40. Rg4 Rg8 41. Rg6 b5 42. Ke4 Kf7 43. h5 Rd8 44. Rg3 a5 45. Ra3 a4 46. Rf3+ Ke7 47. a3 Rd7 48. Rg3 Kd8 49. Rg6 Re7 50. d5 exd5+ 51. Kxd5 Rd7+ 52. Kc5 Rd2 53. Kxb5 Rxb2+ 54. Kxc4 Rb3 55. Rxg7 Rxa3 56. Kb4 Re3 57. g4 Rxe5 58. Rg6 Re4+ 59. Ka3 Ke7 60. Rg7+ Kf6 61. Rg6+ Kf7 62. g5 hxg5 63. Rxg5 Rh4 64. Ra5 Kg7 65. Ra7+ Kh6 66. Ra5 Rg4 67. Rb5 Rh4 68. Rc5 Rxh5 69. Rc6+ Kg7 70. Kxa4 Rf5 71. Rb6 Rf7 72. Ra6 Rf5 73. Rb6 Rf7 74. Rb4 Rf6 75. Kb3 Kf7 76. Rd4 Kg6 77. Kc3 Kf5 78. Rd5+ Ke4 79. Ra5 Rc6+ 80. Kb4 Kd4 81. Rb5 Rc8 82. Rb7 Rc1 83. Re7 Rb1+ 84. Ka3 Kc5 85. Re5+ Kc4 86. Re4+ Kd3 87. Re8 Rb7 88. Rd8+ Kc3 89. Rc8+ Kd4 90. Rc6 Kd5 91. Rc2 Rb1 92. Rb2 Rc1 93. Rd2+ Kc4 94. Kb2 Rh1 95. Rg2 Rh4 96. Rf2 Kb4 97. Rg2 Rc4 98. Rf2 Rd4 99. Rg2 Rc4 100. Rf2 Ka4 101. Rg2 Rb4+ 102. Kc2 Rh4 103. Rf2 Rg4 104. Kb2 Kb4 105. Re2 Ka4 106. Rf2 Rb4+ 107. Ka2 Rh4 108. Rb2 Rh3 109. Rd2 Ra3+ 110. Kb2 Rb3+ 111. Kc2 Ka3 112. Rd3 Rxd3 113. Kxd3 1/2-1/2


[Site "https://www.chess.com"]

[Event "Titled Tuesday Blitz March 28 Early 2023"]
[White "Richter, Nils"]
[Black "Kozelov, Roman"]
[WhiteFideId "12990809"]
[BlackFideId "14133377"]
[WhiteElo "2381"]
[BlackElo "2149"]
[Result "1-0"]
[Round "03"]
[TimeControl "180+2"]
[Date "2023.03.28"]
[WhiteClock "0:01:01"]
[BlackClock "0:00:06"]

1. b3 b5 2. Bb2 Bb7 3. e3 b4 4. Nf3 c5 5. a3 Nf6 6. axb4 cxb4 7. d4 e6 8. Bd3 Be7 9. Nbd2 O-O 10. O-O d6 11. e4 Qd7 12. Qe2 Rc8 13. h4 h6 14. Rfd1 a5 15. Nf1 a4 16. bxa4 Rxa4 17. Bb5 Rxa1 18. Bxd7 Rxd1 19. Bxc8 Rxf1+ 20. Qxf1 Bxc8 21. Qb5 Nfd7 22. e5 dxe5 23. Nxe5 Ba6 24. Qa5 Be2 25. Nxd7 Nxd7 26. Qa8+ Nf8 27. g3 Bc4 28. Bc1 Bd5 29. Qb8 Be4 30. Qc8 f6 31. Bd2 Kf7 32. Qc7 Ke8 33. Kf1 Ng6 34. Ke1 h5 35. Kd1 Nf8 36. Bxb4 Bxb4 37. Qb8+ Kf7 38. Qxb4 Nd7 39. c4 f5 40. Qd6 Nf6 41. Kc1 Ng4 42. Qf4 Nf6 43. Kb2 Ng4 44. Ka3 Nf6 45. Kb4 Ng4 46. Ka5 Nf6 47. Kb6 Nd7+ 48. Kc7 Nf6 49. Kd8 Bd3 50. Qe5 Be4 51. Qc7+ Kg6 52. Ke7 1-0


[Site "https://www.chess.com"]

[Event "Titled Tuesday Blitz March 28 Early 2023"]
[White "Valle Maytin, Luis Enrique"]
[Black "Olenik Campa, Rudi"]
[WhiteFideId "3503666"]
[BlackFideId "14633264"]
[WhiteElo "2225"]
[BlackElo "2249"]
[Result "0-1"]
[Round "03"]
[TimeControl "180+2"]
[Date "2023.03.28"]
[WhiteClock "0:00:02"]
[BlackClock "0:00:10"]

1. e4 c5 2. Nf3 Nc6 3. d4 cxd4 4. Nxd4 Nf6 5. Nc3 e5 6. Ndb5 d6 7. Bg5 a6 8. Na3 b5 9. Bxf6 gxf6 10. Nd5 f5 11. c4 b4 12. Nc2 fxe4 13. Be2 Be6 14. O-O Rg8 15. Ncxb4 Nxb4 16. Qa4+ Bd7 17. Qxb4 Rb8 18. Qc3 Qh4 19. Rfe1 Be7 20. c5 Rc8 21. Bxa6 Rxc5 22. Qb3 Bd8 23. Bc4 Bg4 24. Rxe4 Qg5 25. Rae1 Bf5 26. Rxe5+ dxe5 27. Rxe5+ Kf8 28. g3 Qc1+ 29. Kg2 Qxc4 30. Qe3 Rxd5 31. Qh6+ Rg7 32. Re8+ Kxe8 33. Qxg7 Qe4+ 34. Kf1 Rd1# 0-1


[Site "https://www.chess.com"]

[Event "Titled Tuesday Blitz March 28 Early 2023"]
[White "Melaugh, Shane"]
[Black "Rastbod, Ali"]
[WhiteFideId "2509580"]
[BlackFideId "12567477"]
[WhiteElo "2034"]
[BlackElo "2211"]
[Result "1-0"]
[Round "03"]
[TimeControl "180+2"]
[Date "2023.03.28"]
[WhiteClock "0:00:27"]
[BlackClock "0:00:05"]

1. c4 e5 2. Nc3 Bb4 3. g3 Bxc3 4. bxc3 d6 5. Bg2 f5 6. d3 Nf6 7. f4 e4 8. Nh3 exd3 9. exd3 Qe7+ 10. Qe2 Qxe2+ 11. Kxe2 O-O 12. Nf2 Re8+ 13. Be3 Nc6 14. Kd2 Bd7 15. Rab1 b6 16. Rhe1 Rad8 17. Bd4 Nxd4 18. cxd4 c5 19. d5 h6 20. Bf3 Kf7 21. h4 Rg8 22. Nh3 Rde8 23. Rbc1 Kf8 24. Rxe8+ Bxe8 25. Re1 Bd7 26. Kc3 Kf7 27. Kd2 Rb8 28. Rb1 b5 29. Nf2 b4 30. a3 a5 31. axb4 cxb4 32. d4 a4 33. c5 a3 34. c6 b3 35. Nd3 a2 36. Ra1 b2 37. Nxb2 Rxb2+ 38. Kc3 Rf2 39. Bd1 Rg2 40. cxd7 Nxd7 41. Bb3 Rxg3+ 42. Kb4 Rg4 43. Rxa2 Nf6 44. Kb5 Rxf4 45. Kc6 Ne4 46. h5 Rh4 47. Ra7+ Kf6 48. Bc2 Rxh5 49. Bxe4 fxe4 50. Kxd6 Rh3 51. Re7 e3 52. Re6+ Kf7 53. Re7+ Kg8 54. Re4 g5 55. Kc7 e2 56. Rxe2 Rc3+ 57. Kd7 Ra3 58. d6 Kg7 59. Ke8 Ra8+ 60. Ke7 Ra7+ 61. d7 g4 62. Ke8 Rxd7 63. Kxd7 h5 64. Ke6 g3 65. Kf5 1-0


[Site "https://www.chess.com"]

[Event "Titled Tuesday Blitz March 28 Early 2023"]
[White "Rosen, Eric"]
[Black "Zheenbekov, Nurgazy"]
[WhiteFideId "2032562"]
[BlackFideId "13800485"]
[WhiteElo "2331"]
[BlackElo "1975"]
[Result "1/2-1/2"]
[Round "03"]
[TimeControl "180+2"]
[Date "2023.03.28"]
[WhiteClock "0:00:03"]
[BlackClock "0:00:16"]

1. d4 Nf6 2. Bf4 e6 3. e3 c5 4. Nf3 d5 5. Nbd2 Bd6 6. Bb5+ Nc6 7. O-O O-O 8. Bxd6 Qxd6 9. dxc5 Qxc5 10. c4 dxc4 11. Bxc4 a6 12. Rc1 Qe7 13. Qe2 Bd7 14. a3 Rac8 15. Rfd1 h6 16. Ba2 Rfd8 17. Nc4 Be8 18. h3 Nd5 19. e4 Nf4 20. Qe3 g5 21. e5 Rxd1+ 22. Rxd1 Rd8 23. Nd6 Qc7 24. h4 Qe7 25. hxg5 hxg5 26. g3 Ng6 27. Nxg5 Ncxe5 28. Nge4 f5 29. f4 Ng4 30. Qb3 fxe4 31. Qxe6+ Kh7 32. Qg8+ Kh6 33. Nf5+ Kh5 34. Nxe7 Rxd1+ 35. Kg2 Rd2+ 36. Kf1 Nh2+ 37. Ke1 Nf3+ 38. Kf1 Bb5+ 39. Bc4 Nh2+ 40. Kg1 Nf3+ 41. Kf1 Nh2+ 42. Ke1 Nf3+ 43. Kf1 1/2-1/2


[Site "https://www.chess.com"]

[Event "Titled Tuesday Blitz March 28 Early 2023"]
[White "Shukhman, Anna"]
[Black "Jia, Haoxiang"]
[WhiteFideId "54180058"]
[BlackFideId "8602999"]
[WhiteElo "2125"]
[BlackElo "2590"]
[Result "0-1"]
[Round "03"]
[TimeControl "180+2"]
[Date "2023.03.28"]
[WhiteClock "0:00:16"]
[BlackClock "0:01:01"]

1. e4 c5 2. Nf3 d6 3. d4 cxd4 4. Nxd4 Nf6 5. Nc3 g6 6. Be3 Bg7 7. f3 O-O 8. Qd2 Nc6 9. g4 Be6 10. Nxe6 fxe6 11. O-O-O Nd7 12. Bc4 Rxf3 13. Bxe6+ Kh8 14. h4 Nc5 15. Bd5 Qa5 16. Rdf1 Raf8 17. Rxf3 Rxf3 18. e5 Rxe3 19. Qxe3 Bxe5 20. Rf1 Nd7 21. Be6 Bd4 22. Qe4 Bxc3 23. bxc3 Qxc3 24. Bxd7 Qa1+ 25. Kd2 Qxf1 26. Bxc6 bxc6 27. Qxe7 Qf4+ 28. Kd1 Qxg4+ 29. Kc1 Qf4+ 30. Kb2 Qe5+ 0-1


[Site "https://www.chess.com"]

[Event "Titled Tuesday Blitz March 28 Early 2023"]
[White "Alex_Sahakyan2006"]
[Black "Bochnicka, Vladimir"]
[BlackFideId "14943450"]
[WhiteElo "2589"]
[BlackElo "2094"]
[Result "1-0"]
[Round "03"]
[TimeControl "180+2"]
[Date "2023.03.28"]
[WhiteClock "0:00:38"]
[BlackClock "0:00:01"]

1. Nf3 c5 2. e4 Nc6 3. b4 cxb4 4. d4 d5 5. exd5 Qxd5 6. c4 Qe4+ 7. Be2 Bf5 8. d5 Ne5 9. O-O Nf6 10. Nbd2 Nxf3+ 11. Bxf3 Qc2 12. Qe1 Bd3 13. Be2 g6 14. Rb1 Bxe2 15. Qxe2 Bg7 16. d6 e6 17. Rxb4 O-O 18. Rxb7 Qxa2 19. Qf3 a5 20. Bb2 Rab8 21. Ra1 Qxb2 22. Rxb2 Rxb2 23. Nf1 e5 24. h3 e4 25. Qa3 Rc2 26. Qb3 Re2 27. Rxa5 Nd7 28. c5 Bd4 29. Ra2 Nxc5 30. Qc4 Rxa2 31. Qxa2 Rd8 32. Qd5 Nb3 33. Qxb3 Rd7 34. Qd5 Bg7 35. Ng3 1-0


[Site "https://www.chess.com"]

[Event "Titled Tuesday Blitz March 28 Early 2023"]
[White "Aslanov, Umid"]
[Black "Estremera Panos, Sergio"]
[WhiteFideId "13412620"]
[BlackFideId "2200864"]
[WhiteElo "2103"]
[BlackElo "2253"]
[Result "1-0"]
[Round "03"]
[TimeControl "180+2"]
[Date "2023.03.28"]
[WhiteClock "0:00:18"]
[BlackClock "0:00:08"]

1. e4 c5 2. Nf3 Nc6 3. d4 cxd4 4. Nxd4 e5 5. Nb5 d6 6. c4 g6 7. N1c3 a6 8. Na3 Be6 9. Nc2 Bg7 10. b3 Nf6 11. Be2 O-O 12. O-O Rb8 13. Ba3 Nd4 14. Nxd4 exd4 15. Qxd4 Qa5 16. Bb2 b5 17. Rab1 Nxe4 18. Qxe4 Bxc3 19. Bxc3 Qxc3 20. cxb5 Bf5 21. Qc4 Qxc4 22. bxc4 Bxb1 23. Rxb1 axb5 24. cxb5 Ra8 25. Bc4 Rfc8 26. Bd5 Ra5 27. h4 Kg7 28. Rb4 Rb8 29. a4 Kf6 30. Bb3 Ra7 31. b6 Ra6 32. b7 Ra7 33. Bd5 Ke5 34. Rb5 Kd4 35. a5 Ra6 36. g4 f5 37. f3 fxg4 38. fxg4 h5 39. g5 Ra7 40. Kf2 Ra6 41. Kf3 Rf8+ 42. Ke2 Rb8 43. Kd2 Ke5 44. Ke3 Kf5 45. Bf3+ Ke6 46. Bd5+ Kd7 47. Kd4 Kc7 48. Be4 Ra7 49. Kc4 Ra6 50. Bf3 Ra7 51. Kb4 Kd7 52. Rb6 Kc7 53. Kb5 d5 54. Bxd5 Rd8 55. Be4 Rd4 56. b8=Q+ Kd7 57. Qxa7+ 1-0


[Site "https://www.chess.com"]

[Event "Titled Tuesday Blitz March 28 Early 2023"]
[White "Bodnaruk, Anastasia"]
[Black "Real_taiatai"]
[WhiteFideId "4181751"]
[WhiteElo "2310"]
[BlackElo "2355"]
[Result "1-0"]
[Round "03"]
[TimeControl "180+2"]
[Date "2023.03.28"]
[WhiteClock "0:00:51"]
[BlackClock "0:00:12"]

1. e4 c5 2. Nc3 Nc6 3. Bb5 g6 4. Bxc6 dxc6 5. f4 Bg7 6. d3 Nf6 7. Nf3 O-O 8. O-O Bg4 9. Kh1 Ne8 10. Be3 b6 11. h3 Bxf3 12. Qxf3 Nc7 13. f5 Nb5 14. Nxb5 cxb5 15. Rad1 Bxb2 16. d4 cxd4 17. Bh6 Qc7 18. Bxf8 Rxf8 19. f6 exf6 20. Qxf6 Qxc2 21. Qf3 Qc4 22. e5 Bc3 23. Qe4 Qxa2 24. Rf6 Re8 25. Rdf1 Qc4 26. e6 fxe6 27. Qb7 Qxf1+ 28. Rxf1 Rf8 29. Rxf8+ Kxf8 30. Qxa7 b4 31. Qxb6 Kf7 32. Qc7+ Kf6 33. Qc4 e5 34. Qc6+ Kf5 35. Kg1 e4 36. Kf2 e3+ 37. Kf3 h5 38. g4+ hxg4+ 39. hxg4+ Kg5 40. Kg3 Be1+ 41. Kf3 Bc3 42. Qe6 Kh6 43. Kf4 Bd2 44. g5+ Kg7 45. Qd7+ Kf8 46. Qxd4 e2+ 47. Qxd2 1-0


[Site "https://www.chess.com"]